 Dungeon Crawl Stone Soup version 0.28-a0-631-g0446da8ef9 (webtiles) character file.

Game seed: 4883895555025248665

835 timneilson the Shield-Bearer (level 7, -14/63 HPs)
             Began as a Deep Dwarf Fighter on Oct 9, 2021.
             Was an Initiate of Qazlal.
             Killed from afar by an acid dragon (18 damage)
             ... with a splash of acid
             ... on level 6 of the Dungeon.
             The game lasted 00:08:26 (4237 turns).

timneilson the Shield-Bearer (Deep Dwarf Fighter)   Turns: 4237, Time: 00:08:26

Health: -14/63     AC:  5    Str: 21    XL:     7   Next: 66%
Magic:  5/5        EV:  8    Int:  9    God:    Qazlal [......]
Gold:   224        SH:  5    Dex: 12    Spells: 6/6 levels left

rFire   + . .      SeeInvis .   a - +1 long sword
rCold   . . .      Faith    .   c - +0 buckler
rNeg    . . .      Spirit   .   e - +0 chain mail
rPois   .          Reflect  .   (no helmet)
rElec   .          Harm     .   (no cloak)
rCorr   .          Rampage  .   (no gloves)
Will    +....                   (no boots)
Stlth   ..........              (no amulet)
HPRegen 0.00/turn               n - ring of protection from fire
MPRegen 0.09/turn               (no ring)

@: corroded
A: damage resistance, heal wounds, sense surroundings 1, no regeneration
a: Heal Wounds, Renounce Religion


You were on level 6 of the Dungeon.
You worshipped Qazlal.
Qazlal was noncommittal.
You visited 2 branches of the dungeon, and saw 7 of its levels.

You collected 224 gold pieces.

Inventory:

Hand Weapons
 a - a +1 long sword (weapon)
Armour
 c - a +0 buckler (worn)
 e - a +0 chain mail (worn)
 i - a +1 tower shield
 m - a +0 plate armour
Jewellery
 l - a ring of fire
 n - a ring of protection from fire (left hand)
Wands
 g - a wand of flame (21)
Scrolls
 j - 2 scrolls of identify
 k - a scroll of enchant armour
Potions
 b - 3 potions of attraction
 d - 3 potions of might
 f - a potion of curing
 h - a potion of berserk rage


   Skills:
 + Level 3.8 Fighting
 * Level 4.6 Long Blades
 * Level 5.4 Armour
 + Level 2.7 Dodging
 * Level 5.6 Shields
 + Level 3.1 Evocations


You had 6 spell levels left.
You didn't know any spells.
Your spell library was empty.

Dungeon Overview and Level Annotations

Branches:
Dungeon (6/15)             Temple (1/1) D:4

Altars:
Cheibriados
Dithmenos
Fedhas
Nemelex Xobeh
Okawaru
Qazlal
Sif Muna
Trog
Uskayaw
Vehumet
Wu Jian
Yredelemnul
The Shining One


Innate Abilities, Weirdness & Mutations

You are resistant to damage.
You can heal yourself by infusing magical energy.
You passively map a small area around you.
You do not regenerate.


Message History

Reactivating autopickup.
The sky beast hits you but does no damage.
You hit the acid dragon.
The acid dragon is almost dead.
The sky beast closely misses you. The acid dragon spits acid at you.
The splash of acid hits you!
* * * LOW HITPOINT WARNING * * *
The acid corrodes you!
You feel much better.
The sky beast flickers out of sight!
Deactivating autopickup; reactivate with Ctrl-A.
Something hits you. Something shocks you.
The acid dragon bites you but does no damage.
The acid dragon barely misses you.
You hit the acid dragon but do no damage.
The acid dragon is almost dead.
You block something's attack. The acid dragon bites you!
The acid dragon barely misses you.
You completely miss the acid dragon.
The acid dragon is almost dead.
Something hits you but does no damage. The acid dragon bites you!
The acid dragon claws you.
You barely miss the acid dragon.
The acid dragon is almost dead.
Something hits you. Something shocks you.
* * * LOW HITPOINT WARNING * * *
The acid dragon spits acid at you. The splash of acid misses you.
An ice beast comes into view.
Something hits you.
* * * LOW HITPOINT WARNING * * *
Something shocks you.
* * * LOW HITPOINT WARNING * * *
The acid dragon bites you.
* * * LOW HITPOINT WARNING * * *
The acid dragon closely misses you.
You fail to use your ability.
The acid dragon spits acid at you. The splash of acid hits you!!
You die...

*, , , , #.Y..., **
#....# #....##,
#.....# #.....# # * ,
#.....# .# #.D{..#..#
, , #.#@..(..# * *
#.#..##..# ,,
#.#...#..# * ,
#.#.#.#..# , ,
#.#.#.#..## , *
#.#.#.....# ** *
#.#.#.....# * * *
###.#.......# *
##...###.....########


You could see an acid dragon (catching breath) and an ice beast.

Vanquished Creatures
  A water moccasin (D:5)
  A necrophage (D:5)
  An ogre (D:5)
  A phantom (D:6)
  2 scorpions
  6 orc wizards
  7 gnolls
  6 adders
  2 dart slugs
  13 orcs
  9 ball pythons
  8 bats
  3 endoplasms
  8 giant cockroaches
  6 goblins
  7 hobgoblins
  6 jackals (D:3)
  4 quokkas
  6 frilled lizards
  3 kobolds
  7 rats
107 creatures vanquished.

Notes
Turn   | Place    | Note
-------+----------+-------------------------------------------
     0 | D:1      | timneilson the Deep Dwarf Fighter began the quest for the
                  | Orb.
     0 | D:1      | Reached XP level 1. HP: 20/20 MP: 1/1
   205 | D:1      | Reached XP level 2. HP: 25/27 MP: 2/2
   797 | D:1      | Reached XP level 3. HP: 24/33 MP: 3/3
  1020 | D:2      | Reached skill level 1 in Dodging
  1024 | D:2      | Reached XP level 4. HP: 34/42 MP: 4/4
  1540 | D:2      | Reached skill level 1 in Evocations
  1954 | D:3      | Reached XP level 5. HP: 38/49 MP: 5/5
  2113 | D:3      | Found a faded altar of an unknown god.
  3123 | D:4      | Found a staircase to the Ecumenical Temple.
  3132 | Temple   | Entered the Ecumenical Temple
  3192 | Temple   | Became a worshipper of Qazlal Stormbringer
  3319 | D:4      | Reached XP level 6. HP: 37/56 MP: 4/4
  3632 | D:5      | Entered Level 5 of the Dungeon
  3662 | D:5      | Found a snail-covered altar of Cheibriados.
  3662 | D:5      | Noticed a water moccasin
  3671 | D:5      | Killed a water moccasin
  3672 | D:5      | Reached skill level 5 in Shields
  3687 | D:5      | Reached XP level 7. HP: 56/62 MP: 5/5
  3693 | D:5      | Reached skill level 5 in Armour
  3813 | D:5      | Found a shimmering blue altar of Sif Muna.
  3921 | D:5      | Found an ornate altar of the Wu Jian Council.
  4237 | D:6      | Killed from afar by an acid dragon

Illustrated notes

Levels and vault maps discovered:
D:1:      heliophobic_arrival_battle_scene, layout_loops_corners
D:2:      layout_basic
D:3:      layout_loops_ring, ebering_ecumenical_altar_webs, kennysheep_donut
D:4:      layout_gridville, minmay_temple_entry_drinking_statues,
          solitary_fountain, hangedman_abyss_or_decor_passed
D:5:      layout_cave_pools, nicolae_overflow_crystal_walls,
          lemuel_crystal_altar, nicolae_wu_jian_immortal_techniques
D:6:      layout_basic, led_xom_imps, amethyst_overflow_temple_binary,
          grunt_decor_one_mirror, uniq_eustachio
Temple:   cyrus_temple_forest

Skill      XL: |  1  2  3  4  5  6  7 |
---------------+----------------------+-----
Dodging        | 1 2 |  2.7
Shields        | 4 5 |  5.6
Fighting       | 3 |  3.8
Long Blades    | 3 4 |  4.6
Armour         | 4 5 |  5.4
Evocations     | 1 2 3 |  3.1

Action                   |  1- 3 |  4- 6 |  7- 9 || total
-------------------------+-------+-------+-------++-------
Melee: Long sword        |   105 |   261 |    65 ||   431
 Abil: Heal Wounds       |     1 |     6 |     2 ||     9
  Use: Scroll            |     1 |     8 |       ||     9
Armor: Scale mail        |    18 |       |       ||    18
       Chain mail        |    43 |   188 |    33 ||   264
Dodge: Dodged            |    48 |   130 |    35 ||   213
Block: Buckler           |    30 |    64 |    19 ||   113

Table legend: (Time is in decaauts)
 A = Elapsed time spent in this place.
 B = Non-inter-level travel time spent in this place.
 C = Inter-level travel time spent in this place.
 D = Time resting spent in this place.
 E = Time spent auto-exploring this place.
 F = Levels seen in this place.
 G = Mean time per level.
                   A        B        C        D        E       F      G
               +--------+--------+--------+--------+--------+-----+--------+
         Total |   4340 |   4157 |    183 |     29 |   3134 |   7 |  620.0 |
       Dungeon |   4249 |   4107 |    142 |     29 |   3093 |   6 |  708.2 |
        Temple |     90 |     49 |     41 |      0 |     41 |   1 |   90.0 |
               +--------+--------+--------+--------+--------+-----+--------+

Top non-repeatable levels by time:
     D:2: 997 daAuts
     D:1: 983 daAuts
     D:4: 843 daAuts
     D:3: 805 daAuts
     D:5: 513 daAuts
     D:6: 105 daAuts
  Temple: 90 daAuts
